AoeStats
← asplin27

Four Lakes

509069483Analyzed
1v1 RM · 6d ago on Sep 25, 2026· 42m 4s· 2 players
Game mode
Random Map
Map size
Tiny (2 player)
Population
200
Speed
Normal
Resources
Standard
Victory
Conquest
Starting age
Dark Age
Ending age
Imperial Age
RankedLock teamsTeams togetherTeam positionsShared explorationLock speedFull tech treeHidden civsTurbo modeCheats
Victory
Defeat
🇹🇼 Japanese · Taiwan
849
+17
🇬🇪 Franks · Georgia
867
-17
asplin27
0:46 Loom
12:02 Feudal Age
12:38 Double-Bit Axe
17:10 Castle Age
15:01 Horse Collar
17:08 Fletching
17:54 Forging
20:37 Bodkin Arrow
25:06 Pikeman
29:05 Wheelbarrow
29:53 Gold Mining
30:17 Padded Archer Armor
30:25 Thumb Ring
33:57 Imperial Age
32:05 Heavy Plow
31:45 Man-at-Arms
32:45 Hand Cart
33:37 Leather Archer Armor
33:28 Yasama
33:18 Town Watch
34:01 Squires
34:24 Scale Barding Armor
34:55 Iron Casting
34:21 Scale Mail Armor
34:06 Elite Skirmisher
34:27 Halberdier
36:12 Bracer
36:55 Conscription
37:31 Bow Saw
38:32 Chemistry
37:54 Long Swordsman
38:20 Gambesons
38:35 Two-Handed Swordsman
40:19 Blast Furnace
39:35 Chain Mail Armor
39:16 Champion
40:48 Ring Archer Armor
VS
2:10 Loom
11:13 Feudal Age
13:07 Wheelbarrow
17:24 Castle Age
20:38 Fletching
27:26 Fishing Lines
27:57 Double-Bit Axe
28:47 Gillnets
31:34 Forging
33:03 Ordonnance Companies
38:54 Imperial Age
36:32 Gold Mining
37:34 Bodkin Arrow
37:40 Padded Archer Armor
38:46 Gold Shaft Mining
38:02 Stone Mining
41:07 Hand Cart
Connection lost

Rejoining the realm…

Still unreachable

The connection could not be restored.

Session expired

The server has moved on; the page needs a fresh start.